 Dungeon Crawl Stone Soup version 0.30-a0-782-ge64f9170bb (webtiles) character file.

Game seed: 11126611640417835937

7998 mopl the Tainter (level 11, -13/83 HPs)
             Began as a Formicid Venom Mage on Mar 13, 2023.
             Was an Elder of Cheibriados.
             Killed from afar by a frost giant (47 damage)
             ... with a bolt of cold
             ... on level 10 of the Dungeon.
             The game lasted 00:17:35 (8267 turns).

mopl the Tainter (Formicid Venom Mage)              Turns: 8267, Time: 00:17:36

Health: -13/83     AC:  7    Str: 29    XL:     11   Next: 47%
Magic:  14/15      EV: 16    Int: 30    God:    Cheibriados [****..]
Gold:   278        SH:  0    Dex: 24    Spells: 8/16 levels left

rFire   . . .      SeeInvis +    a - +11 war axe "Cumalukk" {venom, +Blink Str+7}
rCold   . . .      Faith    .    (no shield)
rNeg    + . .      Spirit   .    C - +0 troll leather armour {Pargi}
rPois   +          Reflect  .    (helmet unavailable)
rElec   .          Harm     .    J - +0 cloak
rCorr   .          Rampage  .    (no gloves)
Will    +....                    f - +0 pair of boots
Stlth   ++                       (no amulet)
HPRegen 1.13/turn                o - ring of positive energy
MPRegen 0.14/turn                R - ring of poison resistance

@: mighty, very slow
A: permanent stasis, dig shafts and tunnels, antennae 3, four strong arms
a: Dig, Shaft Self, Renounce Religion, Bend Time, Temporal Distortion, Slouch


You were on level 10 of the Dungeon.
You worshipped Cheibriados.
Cheibriados was greatly pleased with you.
You visited 2 branches of the dungeon, and saw 11 of its levels.
You also visited: Sewer, Ossuary and Bailey.

You collected 602 gold pieces.
You spent 324 gold pieces at shops.

Inventory:

Hand Weapons
 a - the +11 war axe "Cumalukk" (weapon) {venom, +Blink Str+7}
   (You found it on level 4 of the Dungeon)

   Str:       It affects your strength (+7).
   +Blink:    It lets you blink.
 c - a +0 short sword
 n - a +0 quarterstaff
 p - a +0 halberd of pain
 O - a +2 halberd of electrocution
 P - a +0 halberd of draining
 S - a +0 broad axe
 T - a +5 heavy spear
Missiles
 e - 8 boomerangs
 y - 19 poisoned darts
 A - 2 curare-tipped darts
Armour
 f - a +0 pair of boots (worn)
 C - a +0 troll leather armour (worn) {Pargi}
 D - a +0 ring mail of cold resistance
 I - a +1 leather armour of fire resistance
 J - a +0 cloak (worn)
 Q - a +0 plate armour
Magical Staves
 F - a staff of death
Jewellery
 o - a ring of positive energy (left hand)
 R - a ring of poison resistance (right hand)
Wands
 h - a wand of iceblast (2)
 t - a wand of flame (19)
 u - a wand of polymorph (10)
Scrolls
 g - 8 scrolls of teleportation
 j - 5 scrolls of fear {unknown}
 k - 4 scrolls of enchant armour {unknown}
 l - 5 scrolls of magic mapping
 q - 2 scrolls of brand weapon {unknown}
 r - 4 scrolls of vulnerability {unknown}
 v - 2 scrolls of immolation
 w - 2 scrolls of fog {unknown}
 x - 5 scrolls of poison
 E - 5 scrolls of amnesia {unknown}
 K - a scroll of enchant weapon
Potions
 b - 4 potions of magic
 d - 3 potions of cancellation
 i - 3 potions of flight
 m - 8 potions of curing {unknown}
 s - 5 potions of might
 z - 4 potions of mutation {unknown}
 B - a potion of berserk rage {!q}
 G - a potion of resistance
 H - 4 potions of haste
 M - 3 potions of invisibility
 N - 3 potions of brilliance


   Skills:
 + Level 6.7 Fighting
 + Level 5.7 Axes
 + Level 6.1 Throwing
 + Level 6.7 Armour
 + Level 5.9 Dodging
 - Level 2.4 Stealth
 - Level 3.0 Spellcasting
 - Level 1.1 Transmutations
 + Level 11.2 Poison Magic
 + Level 4.8 Invocations
 + Level 4.2 Evocations


You had 8 spell levels left.
You knew the following spells:

 Your Spells              Type           Power      Damage    Failure   Level
a - Sting                 Tmut/Pois      100%       1d8       1%          1
c - Mephitic Cloud        Conj/Pois/Air  26%        N/A       5%          3
o - Olgreb's Toxic Radia  Pois           64%        N/A       1%          4

Your spell library contained the following spells:

 Spells                   Type           Power      Damage    Failure   Level
 Poisonous Vapours        Pois/Air       76%        N/A       1%          2
 Magic Dart               Conj           16%        1d3       8%          1
 Searing Ray              Conj           8%         2d4       12%         2
 Alistair's Intoxication  Tmut/Pois      27%        N/A       17%         5
 Fulminant Prism          Conj/Hex       2%         3d5       61%         4
 Manifold Assault         Tloc           4%         N/A       61%         4
 Passage of Golubria      Tloc           4%         N/A       61%         4
 Eringya's Noxious Bog    Tmut/Pois      20%        N/A       67%         6
 Borgnjor's Vile Clutch   Necr/Erth      2%         N/A       91%         5
 Silence                  Hex/Air        2%         N/A       91%         5
 Dispersal                Tloc           2%         N/A       100%        6
 Disjunction              Tloc           2%         N/A       100%        8
 Lehudib's Crystal Spear  Conj/Erth      2%         10d2      100%        8


Dungeon Overview and Level Annotations

Branches:
Dungeon (10/15)            Temple (1/1) D:5            Lair (0/5) D:10
  Sewer (visited)         Ossuary (visited)          Bailey (visited)
    Orc: D:9-12

Altars:
Ashenzari
Cheibriados
Dithmenos
Elyvilon
Fedhas
Gozag
Hepliaklqana
Kikubaaqudgha
Makhleb
Nemelex Xobeh
Okawaru
Qazlal
Ru
Sif Muna
Trog
Uskayaw
Vehumet
Wu Jian
Xom
Yredelemnul
The Shining One

Shops:
D:1 ?   D:8 *

Annotations:
D:7 2 runed translucent doors, dunno567's ghost, novice KoBr


Innate Abilities, Weirdness & Mutations

You cannot be hasted, slowed, berserked, paralysed or teleported.
You can dig through walls and to a lower floor.
You have a pair of large antennae on your head. (SInv)
Your four strong arms can wield two-handed weapons with a shield.


Message History

You slash the vampire mosquito!
The vampire mosquito is moderately damaged.
The vampire mosquito bites you.
The vampire mosquito draws strength from your injuries!
The vampire mosquito completely misses you.
You barely miss the vampire mosquito.
The vampire mosquito is moderately damaged.
The vampire mosquito bites you.
The vampire mosquito draws strength from your injuries!
The vampire mosquito bites you but does no damage.
You slash the vampire mosquito!
The vampire mosquito is almost destroyed.
The vampire mosquito closely misses you.
The vampire mosquito barely misses you.
The vampire mosquito completely misses you.
You slice the vampire mosquito!!
You destroy the vampire mosquito!
Cheibriados thoroughly appreciates the change of pace.
No target in view!
You now have 278 gold pieces (gained 20).
There is an open door here.
You open the door.
A frost giant comes into view.
It is wielding a +0 battleaxe of freezing.
The frost giant moves out of view.
Found a smoky brown potion.
You slice the frost giant!!
The frost giant is poisoned.
The frost giant is moderately wounded.
The frost giant points at you and mumbles some strange words.
The bolt of cold hits you!!!
Ouch! That really hurt!
You are too injured to fight recklessly!
You feel very mighty all of a sudden.
The frost giant gestures at you while chanting.
The bolt of cold hits you!!
* * * LOW HITPOINT WARNING * * *
You feel much better.
The frost giant points at you and mumbles some strange words.
The bolt of cold hits you!!!
Ouch! That really hurt!
You die...

..........#>.# {
.##........#.#
##.........#.#
#............###+########
##.........#.......##...##
PPP.......##.......#.....#
PP.P............8..'.....#
P_.................#.....#
................@..##...##
P.P......[...###C########
.............##...
####....##..##..... #.....
#####.!...# ###.[# #.....#
##...## #####


You could see a frost giant (very poisoned).

Vanquished Creatures
  Amaemon (D:10)
  An orange demon (D:10)
  A komodo dragon (D:10)
  A hornet (D:10)
  A vampire (D:9)
  3 yaks (D:10)
  Sigmund (D:2)
  A wyvern (D:10)
  2 wraiths (D:9)
  A vampire mosquito (D:10)
  2 steam dragons
  5 water moccasins
  Duvessa (D:5)
  An ice beast (D:4)
  3 orc warriors
  Pargi (Sewer)
  A sky beast (D:7)
  A black bear (D:10)
  4 centaurs
  3 kobold brigands
  2 gnoll sergeants
  7 bullfrogs
  A necrophage (D:6)
  6 scorpions
  7 water moccasin zombies (Ossuary)
  7 wights
  Dowan (D:5)
  6 killer bees (D:7)
  3 howler monkeys
  2 orc priests
  2 gnoll boudas
  3 hounds
  A jelly (D:6)
  An iron imp (D:6)
  Ijyb (D:3)
  2 iguanas (D:5)
  11 orc wizards
  2 mummies (Ossuary)
  Robin (D:3)
  31 gnolls
  5 adders
  2 shadow imps
  2 white imps
  An ufetubus (D:6)
  3 adder zombies (Ossuary)
  4 worms
  4 dart slugs
  46 orcs
  8 ball pythons
  6 bats
  9 endoplasms
  3 giant cockroaches
  6 hobgoblins
  2 jackals (D:5)
  4 quokkas
  2 training dummies (D:4)
  2 frilled lizards
  3 gnoll zombies (Ossuary)
  12 goblins
  7 hobgoblin zombies (Ossuary)
  18 kobolds
  5 kobold zombies (Ossuary)
  2 orc zombies (Ossuary)
  9 rats
297 creatures vanquished.

Vanquished Creatures (others)
  27 fungi (D:10)
  38 plants
65 creatures vanquished.

Grand Total: 362 creatures vanquished

Notes
Turn   | Place    | Note
-------+----------+-------------------------------------------
     0 | D:1      | mopl the Formicid Venom Mage began the quest for the Orb.
     0 | D:1      | Reached XP level 1. HP: 13/13 MP: 3/3
   112 | D:1      | Found Himpy's Magic Scroll Emporium.
   118 | D:1      | Reached XP level 2. HP: 18/19 MP: 1/5
   750 | D:1      | Bought a scroll of identify for 24 gold pieces
   765 | D:2      | Reached XP level 3. HP: 10/24 MP: 5/7
   885 | D:2      | Reached skill level 3 in Spellcasting
   896 | D:2      | Noticed Sigmund
  1035 | D:2      | Reached skill level 5 in Poison Magic
  1100 | D:2      | Found a faded altar of an unknown god.
  1172 | D:2      | Killed Sigmund
  1173 | D:2      | Reached skill level 7 in Poison Magic
  1173 | D:2      | Reached XP level 4. HP: 15/30 MP: 4/8
  1173 | D:2      | Reached XP level 5. HP: 18/35 MP: 4/9
  1180 | D:2      | Reached XP level 6. HP: 23/41 MP: 1/10
  1253 | D:2      | Learned a level 4 spell: Olgreb's Toxic Radiance
  1324 | D:2      | You fall into a shaft and drop 1 floor!
  1433 | D:3      | Reached skill level 2 in Dodging
  1595 | D:3      | Reached skill level 1 in Fighting
  1595 | D:3      | Reached skill level 1 in Armour
  1646 | D:3      | Reached skill level 1 in Throwing
  1646 | D:3      | Reached skill level 8 in Poison Magic
  1960 | D:3      | Found a stormy altar of Qazlal.
  1975 | D:3      | Noticed Robin
  1985 | D:3      | Killed Robin
  2023 | D:3      | Noticed Ijyb
  2187 | D:3      | Killed Ijyb
  2188 | D:3      | Reached XP level 7. HP: 36/48 MP: 1/11
  2589 | D:4      | Found a hide-covered altar of Uskayaw.
  2601 | D:4      | Identified the +11 war axe "Cumalukk" {venom, +Blink Str+7}
  2610 | D:4      | Found a sacrificial altar of Ru.
  2630 | D:4      | Found a white marble altar of Elyvilon.
  2650 | D:4      | Reached skill level 2 in Fighting
  2650 | D:4      | Reached skill level 2 in Armour
  2655 | D:4      | Reached skill level 2 in Throwing
  3056 | D:5      | Entered Level 5 of the Dungeon
  3069 | D:5      | Reached skill level 1 in Axes
  3167 | D:5      | Found a glowing drain.
  3171 | Sewer    | Entered a sewer
  3176 | Sewer    | Learned a level 3 spell: Mephitic Cloud
  3236 | Sewer    | Reached XP level 8. HP: 53/57 MP: 12/12
  3274 | Sewer    | Noticed Pargi
  3282 | Sewer    | Killed Pargi
  3283 | Sewer    | Reached skill level 3 in Dodging
  3425 | D:5      | Reached skill level 2 in Axes
  3425 | D:5      | Reached skill level 3 in Armour
  3429 | D:5      | Found a staircase to the Ecumenical Temple.
  3464 | D:5      | Noticed Duvessa
  3476 | Temple   | Entered the Ecumenical Temple
  3668 | D:5      | Noticed Dowan
  3680 | D:5      | Reached skill level 3 in Fighting
  3767 | D:5      | Killed Dowan
  3768 | D:5      | Reached skill level 3 in Throwing
  3771 | D:5      | Killed Duvessa
  3772 | D:5      | Reached skill level 9 in Poison Magic
  4156 | D:5      | Found a glowing golden altar of the Shining One.
  4408 | D:6      | Found a sand-covered staircase.
  4415 | Ossuary  | Entered an ossuary
  4439 | Ossuary  | Reached XP level 9. HP: 65/65 MP: 13/13
  4467 | Ossuary  | Reached skill level 3 in Axes
  4467 | Ossuary  | Reached skill level 4 in Armour
  4519 | Ossuary  | Reached skill level 4 in Fighting
  4526 | Ossuary  | Reached skill level 4 in Dodging
  4648 | D:6      | Found a shimmering blue altar of Sif Muna.
  4667 | D:6      | Reached skill level 4 in Throwing
  4834 | D:6      | Found a snail-covered altar of Cheibriados.
  4889 | D:6      | Became a worshipper of Cheibriados the Contemplative
  5356 | D:1      | Bought a scroll of immolation for 48 gold pieces
  5356 | D:1      | Bought a scroll of poison for 48 gold pieces
  5356 | D:1      | Bought a scroll of magic mapping for 90 gold pieces
  5356 | D:1      | Bought a scroll of enchant weapon for 90 gold pieces
  5417 | D:5      | Reached skill level 4 in Axes
  5504 | D:7      | Found a large runed translucent door.
  5505 | D:7      | Found a large runed translucent door.
  5505 | D:7      | Noticed dunno567's ghost (novice KoBr)
  5530 | D:7      | Reached skill level 10 in Poison Magic
  5530 | D:7      | Reached skill level 1 in Invocations
  5551 | D:7      | Found a broken altar of Ashenzari.
  5584 | D:7      | Found a flagged portal.
  5588 | D:7      | Reached skill level 5 in Fighting
  5588 | D:7      | Reached skill level 5 in Armour
  5588 | D:7      | Reached skill level 1 in Evocations
  5588 | D:7      | Reached XP level 10. HP: 69/74 MP: 9/14
  5588 | D:7      | Reached * piety under Cheibriados
  5603 | Bailey   | Entered a bailey
  5626 | Bailey   | Reached skill level 2 in Invocations
  5850 | Bailey   | Reached ** piety under Cheibriados
  6120 | D:7      | Reached skill level 2 in Evocations
  6209 | D:7      | Found a basalt altar of Yredelemnul.
  6218 | D:7      | Reached skill level 5 in Dodging
  6783 | D:8      | Reached skill level 5 in Throwing
  6825 | D:8      | Found an ornate altar of the Wu Jian Council.
  7036 | D:8      | Found Yfemerog's General Store.
  7044 | D:8      | Bought a scroll of identify for 24 gold pieces
  7067 | D:8      | Reached skill level 3 in Invocations
  7262 | D:8      | Identified the +3 leather armour "Raigu" {Slay+3}
  7550 | D:9      | Reached *** piety under Cheibriados
  7665 | D:9      | Reached skill level 6 in Fighting
  7665 | D:9      | Reached skill level 6 in Armour
  7665 | D:9      | Reached skill level 3 in Evocations
  7715 | D:9      | Reached skill level 5 in Axes
  7925 | D:9      | Found a sparkling altar of Nemelex Xobeh.
  7935 | D:9      | Found a shimmering altar of Xom.
  7962 | D:10     | Entered Level 10 of the Dungeon
  7970 | D:10     | Reached XP level 11. HP: 65/81 MP: 10/15
  7971 | D:10     | Reached **** piety under Cheibriados
  7976 | D:10     | Reached skill level 4 in Invocations
  8067 | D:10     | Reached skill level 11 in Poison Magic
  8077 | D:10     | Reached skill level 4 in Evocations
  8137 | D:10     | Found a staircase to the Lair.
  8193 | D:10     | Found a bloodstained altar of Trog.
  8199 | D:10     | Found a burning altar of Makhleb.
  8210 | D:10     | Noticed Amaemon
  8225 | D:10     | Killed Amaemon
  8226 | D:10     | Reached skill level 6 in Throwing
  8233 | D:10     | Found a blossoming altar of Fedhas.
  8263 | D:10     | Noticed a frost giant
  8267 | D:10     | Killed from afar by a frost giant

Illustrated notes

Levels and vault maps discovered:
D:1:      roderic_crop_circles_arrival_small, layout_rooms, serial_forest,
          infiniplex_forest_join, infiniplex_forest_side_room,
          infiniplex_forest_lined_room_2, infiniplex_forest_straight_2,
          infiniplex_forest_clump_large, infiniplex_forest_3_way, serial_shops,
          shop
D:2:      layout_basic, hellmonk_ecumenical_altar_run_dry, uniq_sigmund
D:3:      layout_basic, nicolae_overflow_hidden_temple, serial_bayou_lagoon_b,
          uniq_robin, uniq_ijyb
D:4:      dreamdust_elfheim, layout_basic, nicolae_ru_great_annihilating_truth,
          mainiacjoe_overflow_catwalk_spiral
D:5:      nicolae_cairo_tiling_large, layout_loops_ring, marbit_many_paths,
          minmay_temple_entry_ruins, gup_sewer_entry_spiral,
          kennysheep_another_room, uniq_duvessa
D:6:      layout_loops_ring, slow_altar_2, mainiacjoe_overflow_six_doors_small,
          chequers_ossuary_entry_cave
D:7:      layout_loops_ring, mainiacjoe_overflow_alcove_4,
          mainiacjoe_overflow_brackets, ebering_ghost_disaster_area,
          enter_bailey_2, bh_walls_and_bars
D:8:      layout_loops_cross, lemuel_tele_altar, serial_shops,
          nicolae_stop_n_shop_1
D:9:      layout_rooms, amethyst_overflow_temple_binary
D:10:     layout_cave_pools, grunt_temple_overflow_order_and_chaos_2,
          fedhas_altar_3, mainiacjoe_overflow_tiny_flanked,
          due_lair_maze_entry_diamond, chequers_serial_rivers_room_b,
          minmay_three_doors, uniq_amaemon
Temple:   hellmonk_temple_flake

Skill      XL: |  1  2  3  4  5  6  7  8  9 10 11 |
---------------+----------------------------------+-----
Spellcasting   | 3 |  3.0
Poison Magic   | 7 8 9 10 11 | 11.2
Dodging        | 2 3 4 5 |  5.9
Fighting       | 1 2 3 5 6 |  6.7
Armour         | 1 2 3 5 6 |  6.7
Throwing       | 1 2 3 4 5 6 |  6.1
Axes           | 1 2 4 5 |  5.7
Invocations    | 1 3 4 |  4.8
Evocations     | 1 3 4 |  4.2
Stealth        | |  2.4
Transmutations | |  1.1

Action                     |  1- 3 |  4- 6 |  7- 9 | 10-12 || total
---------------------------+-------+-------+-------+-------++-------
  Melee: Short sword       |    43 |       |       |       ||    43
         Punch             |     1 |       |       |       ||     1
         Quarterstaff      |     2 |    37 |       |       ||    39
         War axe           |       |       |   201 |   167 ||   368
         Unarmed           |       |       |       |     8 ||     8
   Cast: Sting             |    58 |    38 |     8 |       ||   104
         Olgreb's Toxic Ra |       |     8 |     8 |    17 ||    33
         Mephitic Cloud    |       |       |     1 |       ||     1
Ability: Dig               |       |       |     1 |       ||     1
  Evoke: Wand              |       |       |       |     1 ||     1
    Use: Scroll            |     2 |     1 |     2 |     5 ||    10
         Potion            |       |       |       |     3 ||     3
   Stab: Sleeping          |       |       |     7 |    12 ||    19
         Paralysed         |       |       |     1 |       ||     1
         Distracted        |       |       |     1 |       ||     1
 Armour: Robe              |    17 |    11 |    14 |       ||    42
         Troll leather arm |       |       |    41 |    32 ||    73
         Skin              |       |       |       |     7 ||     7
  Dodge: Dodged            |    42 |    29 |   157 |   194 ||   422

Table legend: (Time is in decaauts)
 A = Elapsed time spent in this place.
 B = Non-inter-level travel time spent in this place.
 C = Inter-level travel time spent in this place.
 D = Time resting spent in this place.
 E = Time spent auto-exploring this place.
 F = Levels seen in this place.
 G = Mean time per level.
                   A        B        C        D        E       F      G
               +--------+--------+--------+--------+--------+-----+--------+
         Total |   9835 |   9142 |    693 |    750 |   5977 |  14 |  702.5 |
       Dungeon |   8939 |   8256 |    683 |    750 |   5482 |  10 |  893.9 |
        Temple |    149 |    139 |     10 |      0 |    133 |   1 |  149.0 |
         Sewer |    181 |    181 |      0 |      0 |     98 |   1 |  181.0 |
       Ossuary |    180 |    180 |      0 |      0 |     67 |   1 |  180.0 |
        Bailey |    384 |    384 |      0 |      0 |    196 |   1 |  384.0 |
               +--------+--------+--------+--------+--------+-----+--------+

Top non-repeatable levels by time:
     D:7: 1411 daAuts
     D:3: 1163 daAuts
     D:5: 1080 daAuts
     D:8: 1054 daAuts
     D:6: 974 daAuts
     D:2: 786 daAuts
     D:1: 770 daAuts
     D:9: 708 daAuts
     D:4: 511 daAuts
    D:10: 480 daAuts
  Bailey: 384 daAuts
   Sewer: 181 daAuts
 Ossuary: 180 daAuts
  Temple: 149 daAuts
